 Dungeon Crawl Stone Soup version 0.29.1-15-g9cfb28693d (webtiles) character file.

Game seed: 10898760196161798242

2 HOAXBANE2 the Charlatan (level 1, 0/9 HPs)
             Began as a Spriggan Artificer on Mar 18, 2023.
             Slain by a bat (1 damage)
             ... on level 1 of the Dungeon.
             The game lasted 00:01:56 (110 turns).

HOAXBANE2 the Charlatan (Spriggan Artificer)         Turns: 110, Time: 00:01:56

Health: 0/9        AC:  2    Str:  8    XL:     1   Next: 33%
Magic:  2/2        EV: 17    Int: 12    God:
Gold:   0          SH:  0    Dex: 15    Spells: 0/0 levels left

rFire   . . .      SeeInvis +   a - +0 club
rCold   . . .      Faith    .   (no shield)
rNeg    . . .      Spirit   .   b - +0 robe
rPois   .          Reflect  .   (helmet restricted)
rElec   .          Harm     .   (no cloak)
rCorr   .          Rampage  .   (gloves unavailable)
Will    .....                   (boots unavailable)
Stlth   ++........              (no amulet)
HPRegen 0.03/turn               (no ring)
MPRegen 0.08/turn               (no ring)

@: very quick
A: very small, no large weapons, unfitting armour, see invisible, speed 3
a: no special abilities


You were on level 1 of the Dungeon.
You visited 1 branch of the dungeon, and saw 1 of its levels.

Inventory:

Hand Weapons
 a - a +0 club (weapon)
Armour
 b - a +0 robe (worn)
Wands
 c - a wand of flame (15) (quivered)
 d - a wand of charming (15)
 e - a wand of iceblast (5)


   Skills:
 - Level 0.7 Fighting
 + Level 3.3 Dodging
 + Level 2.0 Stealth
 - Level 4.0 Evocations


You couldn't memorise any spells.
You didn't know any spells.
Your spell library was empty.

Dungeon Overview and Level Annotations

Branches:
Dungeon (1/15)

Altars:


Innate Abilities, Weirdness & Mutations

You are very small and have problems with some larger weapons.
You are too small for most types of armour.
You have supernaturally acute eyesight. (SInv)
You cover ground extremely quickly. (Speed+++)


Message History

A ball python comes into view.
A bat comes into view.
Found a scroll labelled DUZOAKL VENO and a ring mail.
Found a scroll labelled KIATZO KOYGG.
The helpless bat fails to defend itself.
You hit the bat.
The bat is severely wounded.
The bat completely misses you.
You hit the bat.
You kill the bat!
Your Stealth skill increases to level 2!
You open the door.
There is an open door here.
A hobgoblin comes into view.
Found a scroll labelled QIREUKKIXE.
A bat comes into view.
The helpless bat fails to defend itself.
You hit the bat but do no damage. The bat completely misses you.
You closely miss the bat. The bat completely misses you. The bat misses you.
You barely miss the bat. The bat hits you.
* * * LOW HITPOINT WARNING * * *
The bat hits you but does no damage. x2
You miss the bat. The bat hits you but does no damage.
The bat barely misses you. 2 ball pythons come into view.
The bat misses you.
You hit the bat.
The bat is moderately wounded.
The ball python hisses angrily.
The bat closely misses you.
You completely miss the bat.
The bat is moderately wounded.
The ball python hisses angrily.
The bat hits you.
* * * LOW HITPOINT WARNING * * *
The bat misses you. The bat closely misses you.
The bat attacks as you move away! The bat hits you.
You die...

... +...... ....# #>..
....##...#.# g.?.# #...
.......#.# ....## #...
...##...S#.##...... +..K
.........#....#..#####...
.#.#####.#...............
#.#...# #... #b....##
#... #@.....### #...
#......'.# #...
#......#.######...
#......+.....##...
#......#.....##...
#......#?....##^..
#......#.....#..#.
#......#.....#....
##..............#.


You could see a bat and a ball python.

Vanquished Creatures
  A bat (D:1)
  A quokka (D:1)
2 creatures vanquished.

Notes
Turn   | Place    | Note
-------+----------+-------------------------------------------
     0 | D:1      | HOAXBANE2 the Spriggan Artificer began the quest for the
                  | Orb.
     0 | D:1      | Reached XP level 1. HP: 9/9 MP: 2/2
   110 | D:1      | Slain by a bat

Illustrated notes

Levels and vault maps discovered:
D:1:      mainiacjoe_arrival_reflecting_pool, layout_basic,
          shapermc_ecumenical_altar_ellora, dreamdust_princess_bridge

Skill      XL: |  1 |
---------------+----+-----
Stealth        | 2 |  2.0
Fighting       | |  0.7
Dodging        | |  3.3
Evocations     | |  4.0

Action                   || total
-------------------------++-------
Melee: Club              ||    21
 Stab: Sleeping          ||     2
Armor: Robe              ||     4
Dodge: Dodged            ||    30
